 Dungeon Crawl Stone Soup version 0.31-a0-626-g8143ab4f1d (webtiles) character file.

Game seed: 13821840012630391612

2905 Dittersdorf the Blocker (level 9, -2/59 HPs)
             Began as a Gargoyle Fighter on Aug 24, 2023.
             Was a Priest of Okawaru.
             Slain by a white ugly thing (11 damage)
             ... on level 7 of the Dungeon.
             The game lasted 00:08:25 (6403 turns).

Dittersdorf the Blocker (Gargoyle Fighter)          Turns: 6403, Time: 00:08:26

Health: -2/59      AC: 32    Str: 24    XL:     9   Next: 78%
Magic:  8/9        EV:  8    Int:  9    God:    Okawaru [***...]
Gold:   395        SH:  7    Dex: 15    Spells: 8/8 levels left

rFire   . . .        l - +2 flail (protect)
rCold   . . .        c - +1 buckler
rNeg    + + .        x - +0 chain mail
rPois   ∞            o - +0 helmet
rElec   +            (no cloak)
rCorr   .            h - +2 pair of gloves
SInv    .            w - +2 pair of boots
Will    .....        (no amulet) Stlth
                     a - +6 ring of dexterity
HPRegen 0.29/turn    r - ring of positive energy
MPRegen 0.11/turn

%: no passive effects
@: mighty, under a protective aura
A: sickness immunity, AC +6, negative energy resistance 1, electricity
resistance, torment resistance 1, petrification resistance
a: Renounce Religion, Heroism


You were on level 7 of the Dungeon.
You worshipped Okawaru.
Okawaru was most pleased with you.
You visited 2 branches of the dungeon, and saw 8 of its levels.

You collected 395 gold pieces.

Inventory:

Hand Weapons
 l - a +2 flail of protection (weapon)
Missiles
 i - 4 silver javelins
Armour
 c - a +1 buckler (worn)
 h - a +2 pair of gloves (worn)
 o - a +0 helmet (worn)
 w - a +2 pair of boots (worn)
 x - a +0 chain mail (worn)
Jewellery
 a - a +6 ring of dexterity (left hand)
 p - a +6 ring of intelligence
 r - a ring of positive energy (right hand)
Wands
 q - a wand of iceblast (7)
Scrolls
 f - 2 scrolls of teleportation
 k - a scroll of enchant weapon
 n - 2 scrolls of fog
 t - 2 scrolls of enchant armour
Potions
 b - a potion of berserk rage {unknown}
 d - a potion of might
 e - a potion of brilliance
 g - 3 potions of haste
 j - a potion of mutation
 s - a potion of resistance {unknown}
 u - a potion of lignification {unknown}
 v - 2 potions of heal wounds {unknown}


   Skills:
 + Level 8.0 Fighting
 + Level 6.8 Maces & Flails
 + Level 7.9 Armour
 + Level 8.0 Shields


You had 8 spell levels left.
You didn't know any spells.
Your spell library contained the following spells:

 Spells                   Type           Power      Damage    Failure   Level
 Sandblast                Erth           0%         2d4       91%         1
 Ensorcelled Hibernation  Hex/Ice        0%         N/A       97%         2
 Passwall                 Tmut/Erth      0%         N/A       97%         2
 Wereblood                Tmut           0%         N/A       97%         2
 Portal Projectile        Hex/Tloc       0%         N/A       100%        3
 Stone Arrow              Conj/Erth      0%         3d7       100%        3
 Swiftness                Air            0%         N/A       100%        3
 Vhi's Electric Charge    Tloc/Air       0%         N/A       100%        3
 Iskenderun's Mystic Bla  Conj/Tloc      0%         2d3       100%        4
 Leda's Liquefaction      Hex/Erth       0%         N/A       100%        4
 Arcjolt                  Conj/Air       0%         1d10      100%        5
 Plasma Beam              Fire/Air       0%         2x1d10    100%        6
 Sublimation of Blood     Necr           Unusable   N/A       N/A         2
 Call Canine Familiar     Summ           Unusable   N/A       N/A         3
 Tukima's Dance           Hex            Unusable   N/A       N/A         3
 Summon Hydra             Summ           Unusable   N/A       N/A         7

Dungeon Overview and Level Annotations

Branches:
Dungeon (7/15)             Temple (1/1) D:5

Altars:
Ashenzari
Dithmenos
Elyvilon
Fedhas
Gozag
Hepliaklqana
Kikubaaqudgha
Makhleb
Nemelex Xobeh
Okawaru
Ru
Sif Muna
Trog
Vehumet
Wu Jian
Xom
Yredelemnul
Zin
The Shining One

Shops:
D:1 [


Innate Abilities, Weirdness & Mutations

You are immune to sickness and miasma.
Your stone body is resilient. (AC +6)
You are immune to poison.
You resist negative energy. (rN+)
You are resistant to electric shocks. (rElec)
You are resistant to unholy torment.
You are immune to petrification.


Message History

Okay, then.
Unknown command.
You feel better.
You feel better. Something hits you but does no damage.
Something blocks your attack. Something hits you but does no damage.
Something blocks your attack. Something hits you but does no damage.
You gain the combat prowess of a mighty hero.
You can no longer speed up your combat.
Something hits you but does no damage. Something blocks your attack.
Something hits you but does no damage.
You miss something.
You hit the white ugly thing but do no damage.
Your weapon exudes an aura of protection.
You closely miss the white ugly thing. The white ugly thing kicks you!
The white ugly thing freezes you!
* * * LOW HITPOINT WARNING * * *
You closely miss the white ugly thing. The white ugly thing barely misses you.
You thump the white ugly thing!
The white ugly thing is lightly wounded.
You block the white ugly thing's attack.
You thump the white ugly thing!
The white ugly thing is moderately wounded.
The white ugly thing kicks you but does no damage.
You feel very mighty all of a sudden.
An orc wizard appears from thin air!
Reactivating autopickup.
The white ugly thing kicks you but does no damage.
You closely miss the white ugly thing.
The white ugly thing is moderately wounded.
You thump the white ugly thing!
The white ugly thing is moderately wounded.
The white ugly thing kicks you but does no damage.
You thump the white ugly thing!
The white ugly thing is severely wounded.
You feel like a meek peon again. The white ugly thing barely misses you.
You sock the white ugly thing!
The white ugly thing is severely wounded.
The white ugly thing kicks you!
You die...

#.#............###...............
..#.......#...##_##..............
..#........####...####...........
..........##.........##..........
#.......###..##...##..###.....###
##......#_..###_._###.._# ..
##.#....###..#######..### .
...#...## ##.........####
..†#...# #####@#####..##+#
.......# ##u#o.T)...... ........
#oTo..o....... .....#.## ##
#.oo..).......
.....#.[......###'..........
.#............# #'..........
.#............###'..........
.#....................###...
.#.......................##.


You could see a white ugly thing, a troll, an orc wizard (reflecting) and 3
orcs.

Vanquished Creatures
  Pikel (D:6)
  Sigmund (D:6)
  A wyvern (D:7)
  A steam dragon (D:7)
  Edmund (D:6)
  An ice beast (D:7)
  A black bear (D:4)
  2 ogres
  A lemure (D:6)
  4 phantoms
  2 kobold brigands
  3 bullfrogs
  A gnoll sergeant (D:7)
  3 scorpions
  4 orc priests
  6 hounds
  A jelly (D:6)
  4 iguanas (D:6)
  2 sleepcaps
  Robin (D:3)
  7 gnolls
  7 adders
  A white imp (D:6)
  A worm (D:4)
  3 dart slugs
  13 orcs
  10 endoplasms
  3 giant cockroaches
  6 hobgoblins
  15 kobolds
  5 quokkas
  3 ball pythons
  3 bats (D:1)
  17 goblins
  8 rats
143 creatures vanquished.

Vanquished Creatures (others)
  An orc (D:7)
1 creature vanquished.

Grand Total: 144 creatures vanquished

Notes
Turn   | Place    | Note
-------+----------+-------------------------------------------
     0 | D:1      | Dittersdorf the Gargoyle Fighter began the quest for the
                  | Orb.
     0 | D:1      | Reached XP level 1. HP: 14/14 MP: 1/1
   481 | D:1      | Reached XP level 2. HP: 19/19 MP: 2/2
   611 | D:1      | Found Vucwesav's Antique Armour Emporium.
  1106 | D:2      | Reached XP level 3. HP: 23/23 MP: 3/3
  1816 | D:3      | Noticed Robin
  1822 | D:3      | Reached XP level 4. HP: 26/29 MP: 4/4
  2021 | D:3      | Killed Robin
  2894 | D:4      | Noticed a black bear
  2907 | D:4      | Killed a black bear
  2908 | D:4      | Reached XP level 5. HP: 10/34 MP: 5/5
  3260 | D:4      | Reached XP level 6. HP: 39/39 MP: 6/6
  3977 | D:5      | Entered Level 5 of the Dungeon
  4037 | D:5      | Reached skill level 5 in Fighting
  4037 | D:5      | Reached skill level 5 in Shields
  4075 | D:5      | Found a staircase to the Ecumenical Temple.
  4093 | D:5      | Reached skill level 5 in Armour
  4093 | D:5      | Reached XP level 7. HP: 36/44 MP: 7/7
  4129 | Temple   | Entered the Ecumenical Temple
  4134 | Temple   | Became a worshipper of Warmaster Okawaru
  4763 | D:6      | Found the Hermit's Pendant {Faith Invo=14 Evo=0 MP+5}
  4859 | D:6      | Reached XP level 8. HP: 41/51 MP: 8/8
  4982 | D:6      | Reached * piety under Okawaru
  4987 | D:6      | Found a burning altar of Makhleb.
  5120 | D:6      | Reached skill level 5 in Maces & Flails
  5437 | D:6      | Noticed Sigmund
  5449 | D:6      | Killed Sigmund
  5474 | D:6      | Noticed Edmund
  5506 | D:6      | Killed Edmund
  5668 | D:6      | Reached ** piety under Okawaru
  5715 | D:7      | Noticed Pikel
  5775 | D:6      | Killed Pikel
  5775 | D:6      | Reached *** piety under Okawaru
  5776 | D:6      | Reached XP level 9. HP: 33/57 MP: 9/9
  6242 | D:7      | Identified the +5 mace of Sunlight {heavy, *Noise rPois
                  | Dex+5}
  6332 | D:7      | Found an opulent altar of Gozag.
  6332 | D:7      | Found a sacrificial altar of Ru.
  6339 | D:7      | Found a faded altar of an unknown god.
  6341 | D:7      | Found a glowing silver altar of Zin.
  6343 | D:7      | Found a faded altar of an unknown god.
  6362 | D:7      | Noticed a troll
  6367 | D:7      | Noticed a white ugly thing
  6368 | D:7      | Reached **** piety under Okawaru
  6403 | D:7      | Slain by a white ugly thing

Illustrated notes

Levels and vault maps discovered:
D:1:      spicycebolla_arrival_ecumenical, layout_loops_corners, serial_shops,
          nicolae_shop_hallway_stairs, st_stairs_8
D:2:      layout_basic
D:3:      layout_loops_ring, roderic_serpentine_path, nicolae_hexahallways,
          uniq_robin
D:4:      layout_loops_ring, serial_forest, infiniplex_forest_clump_medium,
          infiniplex_forest_corner_1, infiniplex_forest_diagonal,
          infiniplex_forest_corner_1, infiniplex_forest_end_3,
          kennysheep_orc_chapel
D:5:      layout_rooms, minmay_temple_entry_stoned_glass, palyth_stone_intersect
D:6:      layout_basic, kennysheep_little_box, hangedman_decor_lopped,
          sigmund_edmund_badplayer
D:7:      layout_basic, chequers_temple_overflow_minitemple, grunt_ministairs_3,
          uniq_pikel
Temple:   minmay_freezing_vapour_temple

Skill      XL: |  1  2  3  4  5  6  7  8  9 |
---------------+----------------------------+-----
Shields        | 4 5 7 8 |  8.0
Fighting       | 4 5 7 8 |  8.0
Armour         | 4 5 7 |  7.9
Maces & Flails | 3 4 6 |  6.8

Action                     |  1- 3 |  4- 6 |  7- 9 || total
---------------------------+-------+-------+-------++-------
  Melee: Flail             |   105 |   173 |   371 ||   649
 Invoke: Heroism           |       |       |     1 ||     1
    Use: Scroll            |       |     8 |     5 ||    13
         Potion            |       |       |     4 ||     4
 Armour: Scale mail        |    78 |   117 |    83 ||   278
         Chain mail        |       |       |   274 ||   274
  Dodge: Dodged            |    35 |   105 |   210 ||   350
  Block: Buckler           |    24 |    35 |   172 ||   231

Table legend: (Time is in decaauts)
 A = Elapsed time spent in this place.
 B = Non-inter-level travel time spent in this place.
 C = Inter-level travel time spent in this place.
 D = Time resting spent in this place.
 E = Time spent auto-exploring this place.
 F = Levels seen in this place.
 G = Mean time per level.
                   A        B        C        D        E       F      G
               +--------+--------+--------+--------+--------+-----+--------+
         Total |   6537 |   6202 |    335 |    566 |   4276 |   8 |  817.1 |
       Dungeon |   6527 |   6196 |    331 |    566 |   4276 |   7 |  932.4 |
        Temple |     10 |      6 |      4 |      0 |      0 |   1 |   10.0 |
               +--------+--------+--------+--------+--------+-----+--------+

Top non-repeatable levels by time:
     D:6: 1217 daAuts
     D:4: 1167 daAuts
     D:3: 1162 daAuts
     D:1: 1012 daAuts
     D:2: 758 daAuts
     D:5: 637 daAuts
     D:7: 571 daAuts
  Temple: 10 daAuts
